 Dungeon Crawl Stone Soup version 0.30.0 (webtiles) character file.

Game seed: 10296469568717030398

4 Dani the Trooper (level 1, 16/16 HPs)
             Began as a Demonspawn Fighter on May 20, 2023.
             Was a Follower of Hepliaklqana.
             Quit the game on level 1 of the Dungeon.
             The game lasted 00:00:46 (47 turns).

Dani the Trooper (Demonspawn Fighter)                 Turns: 47, Time: 00:00:46

Health: 16/16      AC:  6    Str: 16    XL:     1   Next: 58%
Magic:  1/1        EV:  8    Int:  9    God:    Hepliaklqana [*.....]
Gold:   0          SH:  4    Dex: 12    Spells: 0/0 levels left

rFire   . . .        a - +0 war axe
rCold   . . .        c - +0 buckler
rNeg    . . .        b - +0 scale mail
rPois   .            (no helmet)
rElec   .            (no cloak)
rCorr   .            (no gloves)
SInv    .            (no boots)
Will    .....        (no amulet) Stlth
                     (no ring)
HPRegen 0.22/turn    (no ring)
MPRegen 0.07/turn

%: no passive effects
@: no status effects
A: reduced essence
a: Renounce Religion, Recall Ancestor, Ancestor Identity


You were on level 1 of the Dungeon.
You worshipped Hepliaklqana.
Hepliaklqana was aware of your devotion.
You visited 1 branch of the dungeon, and saw 1 of its levels.

Inventory:

Hand Weapons
 a - a +0 war axe (weapon)
Armour
 b - a +0 scale mail (worn)
 c - a +0 buckler (worn)
Potions
 d - a potion of might


   Skills:
 - Level 3.0 Fighting
 + Level 2.2 Axes
 - Level 2.6 Armour
 - Level 2.6 Shields


You couldn't memorise any spells.
You didn't know any spells.
Your spell library was empty.

Dungeon Overview and Level Annotations

Branches:
Dungeon (1/15)

Altars:
Hepliaklqana


Message History

Options error: Cannot find file "HDamage.rc". (~/.crawlrc:67) Options error: Cannot find file "HDAMessageColors.rc". (~/.crawlrc:68) Welcome, Dani the Demonspawn Fighter.
They say the Orb of Zot lies within this dungeon, but they say a lot of things.
Press ? for a list of commands and other information.
Found a staircase leading out of the dungeon.
Options error: Cannot find file "HDamage.rc". (~/.crawlrc:67) Options error: Cannot find file "HDAMessageColors.rc". (~/.crawlrc:68) Welcome back, Dani the Demonspawn Fighter.
Press ? for a list of commands and other information.
Key pressed, stopping explore.
Key pressed, stopping explore.
Key pressed, stopping explore.
Found a dagger.
Found a faded altar of an unknown god.
Found a chain mail.
An endoplasm comes into view.
Found 7 gold pieces.
The endoplasm quivers.
An endoplasm is nearby!
An endoplasm is nearby!
An endoplasm is nearby!
An endoplasm is nearby!
A dart slug comes into view.
The endoplasm barely misses you.
You hit the endoplasm.
You kill the endoplasm!
A frilled lizard comes into view.
Found a stone staircase leading down.
The frilled lizard hisses angrily.
The dart slug bites you but does no damage.
You hit the dart slug.
The dart slug is heavily wounded.
The dart slug bites you but does no damage.
You slash the dart slug!
You kill the dart slug!
You barely miss the frilled lizard. The frilled lizard closely misses you.
The frilled lizard bites you but does no damage.
Your Axes skill increases to level 2!
You barely miss the frilled lizard.
The frilled lizard bites you but does no damage.
You slash the frilled lizard!
You kill the frilled lizard!
No target in view!
No target in view!
There is a faded altar of an unknown god here.
This altar belongs to (a) Hepliaklqana, (b) Okawaru or (c) Xom, but you can't tell which.
Press the corresponding letter to learn more about a god, or press enter to convert or escape to cancel.
Hepliaklqana accepts your prayer! Hepliaklqana welcomes you!
Hepliaklqana forms a fragment of your life essence into the memory of your ancestor, Fikile!
You can now recall your ancestor.
You can now remember your ancestor's identity.
Are you sure you want to abandon this character and quit the game? (Confirm with "yes".)

#..............#
##.#......#.....#
##..#$..††.#...#.##
#...#......#...#..##
+...)...............
#.................#
##..#...#..#.....##
## #...#..#.....#
#.#...#..#@###.#
#!......R......#
#[#..##.######.#
#...###.## #.# ###.#
#..## #.# ... ##..##
#.# ... ##.#.###.#
##. #.#......#
##...###.###


You could see the friendly Fikile the ancestor.

Vanquished Creatures
  A dart slug (D:1)
  An endoplasm (D:1)
  A frilled lizard (D:1)
3 creatures vanquished.

Notes
Turn   | Place    | Note
-------+----------+-------------------------------------------
     0 | D:1      | Dani the Demonspawn Fighter began the quest for the Orb.
     0 | D:1      | Reached XP level 1. HP: 18/18 MP: 1/1
    25 | D:1      | Found a faded altar of an unknown god.
    37 | D:1      | Reached skill level 2 in Axes
    46 | D:1      | Prayed at the altar of an unknown god.
    46 | D:1      | Became a worshipper of Hepliaklqana the Forgotten
    46 | D:1      | Reached * piety under Hepliaklqana
    47 | D:1      | Quit the game

Illustrated notes

Levels and vault maps discovered:
D:1:      psy_arrival_basics, layout_loops_corners,
          hellmonk_ecumenical_altar_lost_god

Skill      XL: |  1 |
---------------+----+-----
Axes           | 2 |  2.2
Fighting       | |  3.0
Armour         | |  2.6
Shields        | |  2.6

Action                     || total
---------------------------++-------
  Melee: War axe           ||     5
 Armour: Scale mail        ||     4
  Dodge: Dodged            ||     2

Levels and vault maps discovered:
D:1:      psy_arrival_basics, layout_loops_corners,
          hellmonk_ecumenical_altar_lost_god

Table legend: (Time is in decaauts)
 A = Elapsed time spent in this place.
 B = Non-inter-level travel time spent in this place.
 C = Inter-level travel time spent in this place.
 D = Time resting spent in this place.
 E = Time spent auto-exploring this place.
 F = Levels seen in this place.
 G = Mean time per level.
                   A        B        C        D        E       F      G
               +--------+--------+--------+--------+--------+-----+--------+
         Total |     49 |     49 |      0 |      0 |     24 |   1 |   49.0 |
       Dungeon |     49 |     49 |      0 |      0 |     24 |   1 |   49.0 |
               +--------+--------+--------+--------+--------+-----+--------+

Top non-repeatable levels by time:
     D:1: 49 daAuts

Table legend:
 A = Kills in this place as a percentage of kills in the entire game.
 B = Kills by you in this place as a percentage of kills by you in the entire game.
 C = Kills by friends in this place as a percentage of kills by friends in the entire game.
 D = Other kills in this place as a percentage of other kills in the entire game.
 E = Experience gained in this place as a percentage of experience gained in the entire game.
 F = Experience gained in this place divided by the number of levels of this place that you have seen.
                   A       B       C       D       E      F
               +-------+-------+-------+-------+-------+----------------------
         Total | 100.0 | 100.0 |   N/A |   N/A | 100.0 |   7.0
       Dungeon | 100.0 | 100.0 |   N/A |   N/A | 100.0 |   7.0
               +-------+-------+-------+-------+-------+----------------------
